 Dungeon Crawl Stone Soup version 0.26.0-10-g1f06aea511 (webtiles) character file.

Game seed: 7549179884193349162

39 inc the Vexing (level 3, -8/14 HPs)
             Began as a Felid Enchanter on Jan 29, 2021.
             Mangled by a gnoll
             ... wielding a +0 spear
              (10 damage)
             ... on level 2 of the Dungeon.
             The game lasted 00:01:51 (2016 turns).

inc the Vexing (Felid Enchanter)                    Turns: 2016, Time: 00:01:52

Health: -8/14      AC:  1    Str:  4    XL:     3   Next: 28%
Magic:  0/7        EV: 18    Int: 17    God:
Gold:   27         SH:  0    Dex: 16    Spells: 3/6 levels left
                                        Lives:  0   Deaths: 0

rFire    . . .     SeeInvis +     - Unarmed
rCold    . . .     Faith    .   (shield unavailable)
rNeg     . . .     Spirit   .   (armour unavailable)
rPois    .         Reflect  .   (helmet unavailable)
rElec    .         Harm     .   (cloak unavailable)
rCorr    .         Rampage  .   (gloves unavailable)
Will     .....                  (boots unavailable)
Stlth    +++.......             (no amulet)
HPRegen  0.04/turn              (no ring)
MPRegen  0.10/turn              (no ring)

@: quick
A: very small, no armour, no weapons or thrown items, stealth, claws 1, fangs 3,
see invisible, speed 1, shaggy fur 1, sharp paws
a: no special abilities


You were on level 2 of the Dungeon.
You visited 1 branch of the dungeon, and saw 2 of its levels.

You collected 27 gold pieces.

Inventory:

Scrolls
 a - a scroll of magic mapping {unknown}
Potions
 b - a potion of haste {unknown}


   Skills:
 - Level 2.8 Dodging
 + Level 5.0 Stealth
 - Level 1.3 Unarmed Combat
 - Level 2.1 Spellcasting
 - Level 5.1 Hexes
 - Level 0.1 Ice Magic


You had 3 spell levels left.
You knew the following spells:

 Your Spells              Type           Power        Failure   Level
a - Corona                Hex            21%          2%          1
b - Ensorcelled Hibernat  Hex/Ice        20%          10%         2

Your spell library contained the following spells:

 Spells                   Type           Power        Failure   Level
 Confusing Touch          Hex            19%          7%          3
 Tukima's Dance           Hex            19%          7%          3
 Dazzling Flash           Conj/Hex       20%          21%         3


Dungeon Overview and Level Annotations

Branches:
Dungeon (2/15)

Altars:


Innate Abilities, Weirdness & Mutations

You cannot wear armour.
You are incapable of wielding weapons or throwing items.
Your paws allow you to move quietly. (Stealth)
You have sharp claws.
You have razor-sharp teeth.
You have supernaturally acute eyesight. (SInv)
You cover ground quickly.
You are covered in fur. (AC +1)
Your sharp claws are effective at attacking unaware monsters.


Message History

The stone closely misses you.
The gnoll throws a stone.
The stone completely misses you.
The gnoll throws a stone.
The stone misses you.
The gnoll throws a stone.
The stone misses you.
Things that are here:
3 stones; 11 bolts You start resting.
A gnoll is nearby!
Casting: Ensorcelled Hibernation (safe; 10% risk of failure)
Confirm with . or Enter, or press ? or * to list all spells.
Aiming: Ensorcelled Hibernation (safe; 10% risk of failure)
Press: ? - help, Shift-Dir - straight line, f/p - gnoll
Aim: a gnoll, wielding a +0 spear and quivering 14 stones (chance to affect: 50%)
The gnoll looks drowsy...
You scratch the gnoll but do no damage. The gnoll hits you with a +0 spear!
Ouch! That really hurt!
* * * LOW HITPOINT WARNING * * *
The gnoll hits you from afar with a +0 spear!
Ouch! That really hurt!
You die...

##...## #....# ##'##
####.# #†# #.# #.#
#.# ##.## #.#
##...## #.# #.<...#
#.#
##...###########g#
##.##........@..#
#####.#...##########
.....<..>.#
#####.#...# #.#####
#.# #.# #.# #.#


You could see a gnoll.

Vanquished Creatures
  2 gnolls (D:2)
  A dart slug (D:1)
  A leopard gecko (D:1)
  A bat (D:1)
  A goblin (D:1)
  3 hobgoblins
  2 jackals (D:1)
  2 kobolds (D:1)
  5 rats
18 creatures vanquished.

Notes
Turn   | Place    | Note
-------+----------+-------------------------------------------
     0 | D:1      | inc the Felid Enchanter began the quest for the Orb.
     0 | D:1      | Reached XP level 1. HP: 7/7 MP: 4/4
   484 | D:1      | Reached XP level 2. HP: 11/11 MP: 6/6
   493 | D:1      | Learned a level 2 spell: Ensorcelled Hibernation
   922 | D:1      | Reached skill level 5 in Hexes
  1588 | D:2      | Reached XP level 3. HP: 14/14 MP: 4/7
  1985 | D:2      | Reached skill level 5 in Stealth
  2016 | D:2      | Mangled by a gnoll

Illustrated notes

Levels and vault maps discovered:
D:1:      sevenhm_arrival_forest_fort_large_2, layout_rooms
D:2:      layout_loops_corners, eat_drink_and_be_merry_uskayaw,
          nrook_loot_triangle

Skill      XL: |  1  2  3 |
---------------+----------+-----
Hexes          | 5 |  5.1
Stealth        | 5 |  5.0
Dodging        | |  2.8
Unarmed Combat | |  1.3
Spellcasting   | |  2.1
Ice Magic      | |  0.1

Action                   || total
-------------------------++-------
Melee: Unarmed           ||    50
       Bite              ||     1
 Cast: Ensorcelled Hiber ||    16
 Stab: Sleeping          ||    13
Armor: Skin              ||     1
Dodge: Dodged            ||    41
